 Dungeon Crawl Stone Soup version 0.27-a0-1301-g128193abf8 (webtiles) character file.

Game seed: 3970800323258308894

98 mordus the Chopper (level 4, 0/39 HPs)
             Began as a Minotaur Monk on June 17, 2021.
             Slain by a white imp (4 damage)
             ... on level 3 of the Dungeon.
             The game lasted 00:03:51 (2779 turns).

mordus the Chopper (Minotaur Monk)                  Turns: 2779, Time: 00:03:52

Health: 0/39       AC:  2    Str: 16    XL:     4   Next: 44%
Magic:  3/3        EV: 13    Int:  7    God:
Gold:   71         SH:  0    Dex: 13    Spells: 3/3 levels left

rFire    . . .     SeeInvis .   a - +0 hand axe
rCold    . . .     Faith    .   (no shield)
rNeg     . . .     Spirit   .   b - +0 robe
rPois    .         Reflect  .   (helmet restricted)
rElec    .         Harm     .   (no cloak)
rCorr    .         Rampage  .   (no gloves)
Will     +....                  (no boots)
Stlth    ++........             (no amulet)
HPRegen  0.13/turn              f - ring of willpower
MPRegen  0.08/turn              (no ring)

@: no status effects
A: horns 2, retaliatory headbutt
a: no special abilities


You were on level 3 of the Dungeon.
You visited 1 branch of the dungeon, and saw 3 of its levels.

You collected 71 gold pieces.

Inventory:

Hand Weapons
 a - a +0 hand axe (weapon)
Armour
 b - a +0 robe (worn)
 g - a +0 chain mail
Jewellery
 f - a ring of willpower (left hand)
Scrolls
 c - 4 scrolls of identify {unknown}
 d - a scroll of enchant weapon {unknown}
 h - a scroll of teleportation {unknown}
Potions
 e - 2 potions of attraction {unknown}
 i - a potion of ambrosia {unknown}


   Skills:
 - Level 3.6 Fighting
 * Level 5.7 Axes
 + Level 2.5 Armour
 - Level 3.2 Dodging
 - Level 1.5 Stealth


You had 3 spell levels left.
You didn't know any spells.
Your spell library was empty.

Dungeon Overview and Level Annotations

Branches:
Dungeon (3/15)

Altars:
Sif Muna

Shops:
D:1 [

Annotations:
D:3 2 runed translucent doors


Innate Abilities, Weirdness & Mutations

You have a pair of horns on your head.
You reflexively headbutt those who attack you in melee.


Message History

You hit the goblin.
You kill the goblin!
A white imp is nearby!
The white imp gestures at you. The puff of frost hits you!
Found an inconspicuous book.
A white imp is nearby!
The white imp hits you. The white imp freezes you.
Found a shimmering blue altar of Sif Muna.
A white imp is nearby!
You hit the white imp.
You headbutt the white imp, but do no damage.
The white imp is heavily wounded.
The white imp gestures at you. The puff of frost hits you!
* * * LOW HITPOINT WARNING * * *
You are too injured to fight recklessly!
You are too injured to fight recklessly!
You are too injured to fight recklessly!
A white imp is nearby!
You are too injured to fight recklessly!
A white imp is nearby!
You are too injured to fight recklessly!
A white imp is nearby!
You are too injured to fight recklessly!
You closely miss the white imp.
The white imp is heavily wounded.
The white imp misses you.
You closely miss the white imp.
The white imp is heavily wounded.
The white imp hits you.
* * * LOW HITPOINT WARNING * * *
The white imp freezes you.
* * * LOW HITPOINT WARNING * * *
You hit the white imp.
The white imp is severely wounded.
The white imp hits you.
* * * LOW HITPOINT WARNING * * *
The white imp freezes you.
You die...

#.#.# #.#.# ##
#.#.# #.. #.#.#
#.. #.:_ #.#.#
#.. #.... ..
#.#.# #.# #...#
..# #.#.# #.#
#...# ..# ##.#.#
#.# ###5..# #.#
#..#.#
#.###.@..#
#.##### ##.#.#
#.##....##
#.#....
##.#.###.##...##
####.#.###
#.......>.').##
#.........
##.########†...#
####.#.### #.#
#....# #.#...
#.# ######
#.#..## #.#
#.#..# #.#
########.#..#


You could see a white imp.

Vanquished Creatures
  2 adders (D:2)
  2 worms (D:2)
  2 dart slugs (D:1)
  2 orcs (D:3)
  4 ball pythons
  7 endoplasms
  A giant cockroach (D:2)
  9 goblins
  A hobgoblin (D:1)
  9 jackals (D:2)
  5 quokkas
  3 bats (D:1)
  8 kobolds
  6 rats
61 creatures vanquished.

Notes
Turn   | Place    | Note
-------+----------+-------------------------------------------
     0 | D:1      | mordus the Minotaur Monk began the quest for the Orb.
     0 | D:1      | Reached XP level 1. HP: 19/19 MP: 0/0
   102 | D:1      | Reached skill level 4 in Axes
   260 | D:1      | Reached skill level 1 in Armour
   260 | D:1      | Reached XP level 2. HP: 26/26 MP: 1/1
   488 | D:1      | Found a faded altar of an unknown god.
   640 | D:1      | Found Xoxoicko's Antique Armour Boutique.
   822 | D:1      | Reached XP level 3. HP: 31/31 MP: 2/2
  1141 | D:2      | Reached skill level 5 in Axes
  1715 | D:2      | Reached XP level 4. HP: 9/39 MP: 3/3
  2698 | D:3      | Found a large runed translucent door.
  2704 | D:3      | Found a large runed translucent door.
  2775 | D:3      | Found a shimmering blue altar of Sif Muna.
  2779 | D:3      | Slain by a white imp

Illustrated notes

Levels and vault maps discovered:
D:1:      amcnicky_arrival_feature_with_door, layout_basic,
          hellmonk_ecumenical_altar_arch_garden, serial_shops,
          nicolae_shop_stone
D:2:      layout_basic, kennysheep_pointless_box
D:3:      layout_basic, nzn_overflow_gifts_of_might_and_magic,
          nzn_wu_jian_council_hall, jmf_multi_god_temple2

Skill      XL: |  1  2  3 |
---------------+----------+-----
Axes           | 4 5 |  5.7
Armour         | 1 2 |  2.5
Fighting       | |  3.6
Dodging        | |  3.2
Stealth        | |  1.5

Action                   |  1- 3 |  4- 6 || total
-------------------------+-------+-------++-------
Melee: Hand axe          |   101 |    39 ||   140
       Headbutt          |    21 |     4 ||    25
 Stab: Sleeping          |     4 |     3 ||     7
Armor: Robe              |    15 |     4 ||    19
Dodge: Dodged            |    64 |    19 ||    83

Table legend: (Time is in decaauts)
 A = Elapsed time spent in this place.
 B = Non-inter-level travel time spent in this place.
 C = Inter-level travel time spent in this place.
 D = Time resting spent in this place.
 E = Time spent auto-exploring this place.
 F = Levels seen in this place.
 G = Mean time per level.
                   A        B        C        D        E       F      G
               +--------+--------+--------+--------+--------+-----+--------+
         Total |   2786 |   2750 |     36 |    307 |   2093 |   3 |  928.7 |
       Dungeon |   2786 |   2750 |     36 |    307 |   2093 |   3 |  928.7 |
               +--------+--------+--------+--------+--------+-----+--------+

Top non-repeatable levels by time:
     D:2: 1542 daAuts
     D:1: 962 daAuts
     D:3: 281 daAuts
